Workbook
Name descripcion: Resultado!$B$3
Name numero: Resultado!$B$2
Name responable: Resultado!$B$4
Name resultado: Resultado!$A$8:$O$36

Sheet Contexto
B3: =CONCATENATE([1]Medidas!B122,Contexto!C7) -> CONTEXTO DE ANÁLISIS DE RIESGOS ESTUDIO PREVIO 37690
B6: Fecha: | C6: =IF(C7="","",TODAY()) -> 45398
B7: Estudio previo: | C7: 37690
B9: Objeto del Proceso de Contratación | D9: Interventoría a la construcción, rehabilitación, mantenimiento y mejoramiento de la malla vial e infraestructura asociada
B10: Partícipes del Proceso de Contratación: | D10: En el presente proceso podrán participar todas las personas naturales o jurídicas, nacionales o extranjeras, individualmente o en Consorcio o Unión Temporal, consideradas legalmente capaces en las disposiciones vigentes, que no se encuentren incursas en ninguna causal de inhabilidad e incompatibilidad consagradas en la Ley 80 de 1993, Ley 1150 de 2007, Ley 1474 de 2011, decretos reglamentarios y demás normas concordantes y que cumplan con los requerimientos que se detallan en los pliegos de condiciones
B11: Ciudadanía que se beneficia del Proceso de Contratación: | D11: Toda los habitantes del Distrito de Medellin, en especial los habitantes cercanos a los puntos de intervención definidos en el Anexo 1 - Anexo Técnico de los Estudios previos y los que hacen uso de la infraestructura de transporte e infraestructura de uso publico asociada.
B12: La capacidad de la Entidad Estatal entendida como la disponibilidad de recursos y conocimientos para el Proceso de contratación: | D12: Se cuenta con la disponibilidad presupuestal suficiente para cubrir el valor total del presupuesto oficial correspondiente a recursos para la vigencia 2024. El Distrito, cuenta con personas idóneo y capacitado ampliamente en la realización de estos Procesos de selección. Las disponibilidades presupuestales corresponden a valores iniciales de las necesidades que se pretenden satisfacer con esta Contratación.
B13: Las condiciones geográficas y de acceso, del lugar en el cual se debe cumplir el Objeto del Proceso de Contratación: | D13: Las actividades objeto del presente procesos, serán desarrolladas en las zona urbana y rural del Distrito, los sitios presentan condiciones de acceso normales sin limitación para la movilidad de igual forma el contrato de obra incluye la realización de planes de manejo de transito para minimizar el impacto en la movilidad.
B14: El entorno socio-ambiental | D14: Es adecuado y no presenta ningún tipo de situaciones anómalas en su entorno. Para el desarrollo del contrato se deben seguir todas las disposiciones en materia ambiental y de seguridad y salud en el trabajo SST.
B15: Las condiciones politicas: | D15: Son adecuadas y tratadose de procesos de seleccion publica, no se prevé que puedan ser afectadas por los procesos de elecciones o cambios en la situación política del Distrito.
B16: Los factores ambientales: | D16: La adquisición de estos productos no interfiere con el medio ambiente. Las condiciones climáticas pueden incidir moderadamente en el desarrollo de las actividades a contratar afectando principalmente los tiempos estimados para la ejecución del contrato.
B17: El sector del Objeto del Proceso de Contratación y su mercado: | D17: Están desarrolladas en el Anexo EP - "Análisis del Sector Económico". El presente objeto de contratación está enmarcado en el área de la prestación de Servicios Profesionales.
B18: La normativa aplicable al Objeto del proceso de Contratación: | D18: Ley 80 de 1993, Ley 1150 de 2007, Ley 1286 de 2009 y Ley 299 de 1996, Decreto 1082 de 2015, Decretos municipales 883 de 2015, 0724 de 2021, 0834 de 2021 y 835 de 2021 (manual de contratacion del Municipio de Medellin) y demás normas que los reglamenten o complementen.
B19: Experiencia propia y de otras entidades estatales en Procesos de Contratación de este tipo: | D19: Están desarrolladas en el Anexo EP - "Análisis del Sector Económico"
B20: La suficiencia del presupuesto oficial del Proceso de Contratación: | D20: El presupuesto asignado hace parte de los recursos destinados para ejecución de los proyectos de la Secretaría de Infraestructura Física del Distrito de Medellín para la vigencia 2024. Con el presupuesto asignado se pretenden cubrir todos los costos directos y administrativos necesarios para la ejecución del contrato así como la utilidad del contratista.
B22: NOTA: El contexto de los riesgos hace parte integral de la matriz de riesgos previsibles.

Sheet Resultado
B2: Numero: 37690
B3: Descripción: Interventoría a la construcción, rehabilitación, mantenimiento y mejoramiento de la malla vial e infraestructura asociada
B4: Diligenció: Comité de estructuración y evaluación contractual
A5: MATRIZ DE RIESGOS
A7: No | B7: Descripción | C7: No | D7: Clase | E7: Fuente | F7: Etapa | G7: Tipo | H7: Descripción (qué puede pasar y cómo puede ocurrir) | I7: Consecuencia | J7: Probabilidad | K7: Impacto | L7: Valoración del Riesgo | M7: Categoría | N7: A quien se le asigna? | O7: Tratamiento / Controles a ser implementados | P7: Probabilidad | Q7: Impacto | R7: Valoracion del Riesgo | S7: Categoría | T7: Afecta Ejecucion del Contrato | U7: Responsable por implementar el tratamiento | V7: Fecha estimada en que se inicia el tratamiento | W7: Fecha estimada en que se Completa el tratamiento | X7: Como se realiza el monitoreo? | Y7: Periodicidad | AA7: Desde | AB7: Hasta | AD7: fechas
A8: 1 | B8: Errores involuntarios que hayan quedado en los pliegos de condiciones, especificaciones técnicas, descripción del proyecto y/o estudios previos, operaciones aritméticas, etc. | C8: 38 | D8: General | E8: Interno | F8: Planeación | G8: Riesgos Operacionales | H8: Errores involuntarios que hayan quedado en los pliegos de condiciones, especificaciones técnicas, descripción del proyecto y/o estudios previos, operaciones aritméticas, etc. | I8: 1. Cualquier error que se puedan presentar los documentos de estructura de la contratación, pero que pueden afectar la ejecución del contrato, generando modificaciones, aclaraciones, prórrogas y adiciones. | J8: Posible (puede ocurrir en cualquier momento futuro) | K8: Insignificante | L8: 4 | M8: Riesgo bajo | N8: Entidad | O8: Dar cumplimiento estricto al periodo de observaciones del proceso de selección, responder en tiempo y de fondo las observaciones realizadas por los interesados. _x000D_ Corregir los errores evidenciados en los documentos de estructura en el menor tiempo posible._x000D_ Seguimiento al desarrolo de las actividades y al cronograma previsto con el fin de garantizar el cumpimiento del mismo. | P8: Raro (puede ocurrir excepcionalmente) | Q8: Insignificante | R8: 2 | S8: Riesgo bajo | T8: Si | U8: Entidad | V8: Desde el Inicio de la Etapa de Planeación | W8: Hasta Finalizar Etapa de Legalizacion | X8: Estudio de documentos | Y8: En hito(s) de la contratación | AA8: Desde el Inicio de la Etapa de Planeación | AB8: Hasta Finalizar Etapa de Legalizacion | AD8: =INDEX([1]DATOS!$B$2:$F$13,MATCH(Resultado!AA8,[1]DATOS!$E$2:$E$13,0),2) -> 45016 | AE8: =INDEX([1]DATOS!$B$2:$F$13,MATCH(Resultado!AB8,[1]DATOS!$F$2:$F$13,0),2) -> 45206
A9: 2 | B9: Retrasos en la gestión de entrega de permisos por parte de otras entidades o autoridades | C9: 5 | D9: Específico | E9: Externo | F9: Planeación/ Ejecución | G9: Riesgos Operacionales | H9: Retrasos en la gestión de entrega de permisos por parte de otras entidades o autoridades | I9: 1. Retrasos en la ejecución. 2. Sanciones Penales, Disciplinarios y/o administrativas. 3. Hallazgos de fiscales. 4. Deficiente gestión. 5. Se requieren aprobaciones o autorizaciones por parte de otras entidades o autoridades que van a generar retrazos en la contratación y/o ejecución del contrato. | J9: Improbable (puede ocurrir ocasionalmente) | K9: Menor | L9: 4 | M9: Riesgo bajo | N9: Entidad/ Proveedor | O9: Realizar las gestiones necesarias para obtener las aprobaciones requeridas._x000D_ Identificar políticas y normas gubernamentales que podrían aplicar al proceso de contratación y asegurar su cumplimiento._x000D_ Identificar los problemas de concesión de licencias que pueden afectar el proyecto, y efectuar su oportuno trámite._x000D_ Estipulación contractual que permita en caso de ser necesario ajustar los tiempos de entrega definidos en los documentos del proceso._x000D_ Seguimiento al desarrolo de las actividades y al cronograma previsto con el fin de garantizar el cumpimiento del mismo. | P9: Raro (puede ocurrir excepcionalmente) | Q9: Insignificante | R9: 2 | S9: Riesgo bajo | T9: Si | U9: Proveedor | V9: Desde el Inicio de la Etapa de Planeación | W9: Una vez entregada la obra a entera satisfaccion | X9: Análisis de cumplimiento de requisitos | Y9: En hito(s) de la contratación | AA9: Desde el Inicio de la Etapa de Planeación | AB9: Una vez entregada la obra a entera satisfaccion | AD9: =INDEX([1]DATOS!$B$2:$F$13,MATCH(Resultado!AA9,[1]DATOS!$E$2:$E$13,0),2) -> 45016 | AE9: =INDEX([1]DATOS!$B$2:$F$13,MATCH(Resultado!AB9,[1]DATOS!$F$2:$F$13,0),2) -> 45356
A10: 3 | B10: La descripción de las especificaciones técnicas establecidas por la entidad puede generar opciones en la entrega del bien o servicio requerido, sin embargo, algunas de estas opciones entregadas por el proveedor no satisfacen las necesidades de la Entidad | C10: 29 | D10: Específico | E10: Interno | F10: Planeación/ Ejecución | G10: Riesgos Operacionales | H10: La descripción de las especificaciones técnicas establecidas por la entidad puede generar opciones en la entrega del bien o servicio requerido, sin embargo, algunas de estas opciones entregadas por el proveedor no satisfacen las necesidades de la Entidad | I10: 1. Mayor onerosidad del contrato. 2. Incumplimiento o cumplimiento no satisfactorio. 3. Resultado no esperado. 4. insatisfacción de los intereses de la institución y de los objetivos y metas de la contratación. | J10: Improbable (puede ocurrir ocasionalmente) | K10: Moderado | L10: 5 | M10: Riesgo medio | N10: Entidad | O10: _x000D_Asegurar que el alcance de la contratación esté definido, documentado y entendido_x000D_ Describir el producto o servicio de una manera tangible y sin ambigüedades._x000D_ Definir las estrategias de entrega con compromisos de disponibilidad para satisfacer las necesidad del contrato y cumplimiento de las especificaciones técnicas Asegurar que los documentos son concisos, precisos y sin ambigüedades._x000D_ Estipulación contractual que obligue al proveedor a tener planes de contingencia para estos eventos._x000D_ Estipulación contractual que permita la aplicación de descuentos a los Proveedores por incumplimiento de ANS y/o descuentos._x000D_ Estipulación contractual de multas y sanciones al Proveedor._x000D_ | P10: Raro (puede ocurrir excepcionalmente) | Q10: Menor | R10: 3 | S10: Riesgo bajo | T10: No | U10: Dependencia a cargo de la contratación | V10: Desde el Inicio de la Etapa de Planeación | W10: Hasta Finalizar Etapa de Selección | X10: Estudio de documentos | Y10: En hito(s) de la contratación | AA10: Desde el Inicio de la Etapa de Planeación | AB10: Hasta Finalizar Etapa de Selección
A11: 4 | B11: Resistencia por parte de la comunidad o ciertos grupos de interés | C11: 24 | D11: General | E11: Externo | F11: Selección | G11: Riesgos Sociales o Políticos | H11: Resistencia por parte de la comunidad o ciertos grupos de interés | I11: 1. Demanda de terceros. 2. Deterioro en la Imagen. 3. Retrasos en el proceso de selección o en la ejecución del contrato. 4. Pérdida en la integridad y confidencialidad de la información. 5. Aversión hacia el proyecto por parte de diferentes actores del sistema de compra publica. | J11: Raro (puede ocurrir exepcionalmente) | K11: Insignificante | L11: 2 | M11: Riesgo bajo | N11: Entidad | O11: Identificar políticas gubernamentales (por ejemplo, desarrollo económico, abastecimiento, etc.) que se aplican al contrato y asegurar su cumplimiento._x000D_ Identificar materiales o prácticas peligrosas que se utilizan para desarrollar o entregar el producto o servicio, y asegurar el uso de procedimientos de manipulación apropiados._x000D_ Mantener las partes interesadas informadas._x000D_ Informar a la industria con la mayor antelación posible y considerar la realización de una presentación del proyecto. _x000D_ Publicación de todos los documentos del proceso en SECOP en las diferentes etapas contractuales, con el fin de dar a conocer a todos los interesados toda la trasavilidad del proceso de contratación y asi promover la transparencia del proceso de contratación._x000D_ Desarrollar una planeación del proyecto en el nivel detalle apropiado. | P11: Raro (puede ocurrir excepcionalmente) | Q11: Insignificante | R11: 2 | S11: Riesgo bajo | T11: No | U11: Entidad | V11: Desde el Inicio de la Etapa de Planeación | W11: Una vez entregada la obra a entera satisfaccion | X11: Análisis de cumplimiento de requisitos | Y11: En hito(s) de la contratación | AA11: Desde el Inicio de la Etapa de Planeación | AB11: Una vez entregada la obra a entera satisfaccion | AD11: =INDEX([1]DATOS!$B$2:$F$13,MATCH(Resultado!AA11,[1]DATOS!$E$2:$E$13,0),2) -> 45016 | AE11: =INDEX([1]DATOS!$B$2:$F$13,MATCH(Resultado!AB11,[1]DATOS!$F$2:$F$13,0),2) -> 45356
A12: 5 | B12: Expedición de normas posteriores a la celebración del contrato, que impliquen un nuevo componente técnico, cambios en la regulación aplicable o efectos tributarios y arancelarios, que varían las condiciones económicas inicialmente pactadas | C12: 34 | D12: General | E12: Externo | F12: Selección | G12: Riesgos Regulatorios | H12: Expedición de normas posteriores a la celebración del contrato, que impliquen un nuevo componente técnico, cambios en la regulación aplicable o efectos tributarios y arancelarios, que varían las condiciones económicas inicialmente pactadas | I12: 1. Variación en el valor del bien o servicio. 2. Constantes cambios de regulación. 3. Expedición de normas que impongan nuevos tributos, impuestos o cargas parafiscales, que varíen las condiciones económicas previstas en la presentación de la Oferta. 4. Genera una carga adicional a las previstas, que puede afectar a cualquiera o a las dos partes del contrato. | J12: Posible (puede ocurrir en cualquier momento futuro) | K12: Menor | L12: 5 | M12: Riesgo Medio | N12: Entidad/Proveedor | O12: Identificación en el Estudio del Sector de posibles cambios en los tributos, aranceles o la regulación aplicable._x000D_ Estipulación contractual que permita revisar precios frente a modificaciones en tributos y aranceles aplicables y/o contemple dichas posibles variaciones._x000D_ Aplicación inmediata de las disposiciones legales y solicitar las adiciones presupuestales pertinentes en el caso que aumente el valor del contrato. _x000D_ Realizar las modificaciones a que haya lugar. | P12: Raro (puede ocurrir excepcionalmente) | Q12: Menor | R12: 3 | S12: Riesgo bajo | T12: No | U12: Entidad | V12: Desde el Inicio de la Etapa de Planeación | W12: Una vez entregada la obra a entera satisfaccion | X12: Estudio de documentos | Y12: En hito(s) de la contratación | AA12: Desde el Inicio de la Etapa de Planeación | AB12: Una vez entregada la obra a entera satisfaccion | AD12: =INDEX([1]DATOS!$B$2:$F$13,MATCH(Resultado!AA12,[1]DATOS!$E$2:$E$13,0),2) -> 45016 | AE12: =INDEX([1]DATOS!$B$2:$F$13,MATCH(Resultado!AB12,[1]DATOS!$F$2:$F$13,0),2) -> 45356
A13: 6 | B13: Incursión en actos de corrupción o cualquier otro acto contrario a la normativa penal nacional | C13: 41 | D13: Específico | E13: Interno | F13: Selección | G13: Riesgos Financieros | H13: Incursión en actos de corrupción o cualquier otro acto contrario a la normativa penal nacional | I13: 1. No consecución del objeto contractual. 2. posible declaratoria de inhabilidad sobreviniente. | J13: Improbable (puede ocurrir ocasionalmente) | K13: Moderado | L13: 5 | M13: Riesgo Medio | N13: Entidad/Proveedor | O13: Suscripción de compromiso anticorrupción por parte del proponente en el que manifiesta el conocimiento de la ley nacional y sus consecuencias, socialización con sus socios, colaboradores, trabajadores y agentes. _x000D_ Verificación durante la etapa de evaluación de los proponentes y durante la ejecución del contratista de los antecedentes judiciales. _x000D_ Reporte mensual bajo la gravedad de juramento al supervisor de su situación judicial. | P13: Raro (puede ocurrir excepcionalmente) | Q13: Menor | R13: 3 | S13: Riesgo bajo | T13: Si | U13: Entidad | V13: Desde el Inicio de la Etapa de Planeación | W13: Hasta liquidación del contrato | X13: Análisis de cumplimiento de requisitos | Y13: Permanente | AA13: Desde el Inicio de la Etapa de Planeación | AB13: Hasta liquidación del contrato | AD13: =INDEX([1]DATOS!$B$2:$F$13,MATCH(Resultado!AA13,[1]DATOS!$E$2:$E$13,0),2) -> 45016 | AE13: =INDEX([1]DATOS!$B$2:$F$13,MATCH(Resultado!AB13,[1]DATOS!$F$2:$F$13,0),2) -> 45536
A14: 7 | B14: Baja participación de proponentes | C14: 18 | D14: General | E14: Externo | F14: Selección | G14: Riesgos Económicos | H14: Baja participación de proponentes | I14: 1. Declaratoria de desierto del proceso. 2. Retrasos en los procedimientos de selección. 3. Error en la Selección del contratista. 4. Poca competencia de proponentes interesados en el proceso de contratación. | J14: Improbable (puede ocurrir ocasionalmente) | K14: Insignificante | L14: 3 | M14: Riesgo bajo | N14: Entidad | O14: _x000D_Compruebe que el presupuesto tiene en cuenta la situación del mercado._x000D_ Informar a la industria con la mayor antelación posible y considerar la realización de una presentación del proyecto. _x000D_ Realizar promoción mediática sobre el contrato y sus objetivos ._x000D_ Evaluar los niveles de competitividad del mercado y adoptar la modalidad de contratación correspondiente. _x000D_ Asegurar que existe una industria competitiva capaz de desarrollar el proyecto._x000D_ Identificar los medios más eficaces para comunicar la oportunidad de contrato a la industria._x000D_ Socialización del proceso de contratación y determinación de criterios de selección que permitan pluralidad de proponentes_x000D_ | P14: Raro (puede ocurrir excepcionalmente) | Q14: Insignificante | R14: 2 | S14: Riesgo bajo | T14: No | U14: Dependencia a cargo de la contratación | V14: Desde Inicio Etapa de Selección | W14: Hasta Finalizar Etapa de Legalizacion | X14: Estudio de documentos | Y14: En hito(s) de la contratación | AA14: Desde Inicio Etapa de Selección | AB14: Hasta Finalizar Etapa de Legalizacion | AD14: =INDEX([1]DATOS!$B$2:$F$13,MATCH(Resultado!AA14,[1]DATOS!$E$2:$E$13,0),2) -> 45076 | AE14: =INDEX([1]DATOS!$B$2:$F$13,MATCH(Resultado!AB14,[1]DATOS!$F$2:$F$13,0),2) -> 45206
A15: 8 | B15: Declaratoria de desierto del proceso de selección | C15: 39 | D15: Específico | E15: Externo | F15: Selección | G15: Riesgos Operacionales | H15: Declaratoria de desierto del proceso de selección | I15: 1. La necesidad de la entidad no se podría satisfacer en los tiempos establecidos, lo que conlleva al no cumplimiento de los fines planeados | J15: Improbable (puede ocurrir ocasionalmente) | K15: Insignificante | L15: 3 | M15: Riesgo bajo | N15: Entidad/ Proveedor | O15: Estimación adecuada de las necesidades de la entidad, a través del análisis de conveniencia y oportunidad, especialmente en los temas técnicos y financieros, los cuales dependerán de la realización de un análisis del sector de fondo que permita verificar el mercado y así garantizar la pluralidad de oferentes. _x000D_ Socialización del proceso de contratación y determinación de criterios de selección que permitan pluralidad de proponentes_x000D_ | P15: Raro (puede ocurrir excepcionalmente) | Q15: Insignificante | R15: 2 | S15: Riesgo bajo | T15: Si | U15: Dependencia a cargo de la contratación | V15: Desde Inicio Etapa de Selección | W15: Hasta Finalizar Etapa de Legalizacion | X15: Reuniones con contratista/interventor | Y15: En hito(s) de la contratación | AA15: Desde Inicio Etapa de Selección | AB15: Hasta Finalizar Etapa de Legalizacion | AD15: =INDEX([1]DATOS!$B$2:$F$13,MATCH(Resultado!AA15,[1]DATOS!$E$2:$E$13,0),2) -> 45076 | AE15: =INDEX([1]DATOS!$B$2:$F$13,MATCH(Resultado!AB15,[1]DATOS!$F$2:$F$13,0),2) -> 45206
A16: 9 | B16: Colusión o cualquier conducta restrictiva de la libre competencia en el mercado | C16: 30 | D16: General | E16: Externo | F16: Selección | G16: Riesgos Operacionales | H16: Colusión o cualquier conducta restrictiva de la libre competencia en el mercado | I16: 1. Denuncias penales al contratista. 2. Erronéa selección del contratista. 3. Poca participación de proponentes. 4. El proceso de contratación no logra condiciones competitivas. | J16: Posible (puede ocurrir en cualquier momento futuro | K16: Menor | L16: 5 | M16: Riesgo medio | N16: Entidad | O16: Comprobar la pertinencia de la modalidad de contratación frente a la relación tiempo - coste esperada y la exigencia legal para el caso._x000D_ Asegurar que el proceso de selección del contratista cumple con los parámetros legales y buenas prácticas para ser un proceso transparente._x000D_ Solidez en el Estudio de Mercado y adecuada redacción de los Documentos del Proceso teniendo en cuanta las condiciones del mercado. _x000D_ Establecimiento de condiciones de selección que garanticen pluralidad de proponentes y seguimiento a las observaciones y ofertas presentadas para realizar la denuncia oportunamente ante la autoridad competente_x000D_ | P16: Raro (puede ocurrir excepcionalmente) | Q16: Insignificante | R16: 2 | S16: Riesgo bajo | T16: No | U16: Dependencia a cargo de la contratación | V16: Desde el Inicio de la Etapa de Planeación | W16: Hasta Finalizar Etapa de Legalizacion | X16: Estudio de documentos | Y16: En hito(s) de la contratación | AA16: Desde el Inicio de la Etapa de Planeación | AB16: Hasta Finalizar Etapa de Legalizacion | AD16: =INDEX([1]DATOS!$B$2:$F$13,MATCH(Resultado!AA16,[1]DATOS!$E$2:$E$13,0),2) -> 45016 | AE16: =INDEX([1]DATOS!$B$2:$F$13,MATCH(Resultado!AB16,[1]DATOS!$F$2:$F$13,0),2) -> 45206
A17: 10 | B17: Retrasos en la legalización del contrato, garantias y acta de inicio que afecta la inicio de la ejecución contractual | C17: 32 | D17: General | E17: Externo | F17: Contratación | G17: Riesgos Operacionales | H17: Retrasos en la legalización del contrato, garantias y acta de inicio que afecta la inicio de la ejecución contractual | I17: 1. Desgaste administrativo. 2. Demoras en la ejecución del contrato. 3. Ampliación de los plazos de ejecución. | J17: Improbable (puede ocurrir ocasionalmente) | K17: Insignificante | L17: 3 | M17: Riesgo bajo | N17: Entidad/Proveedor | O17: Utilizar métodos apropiados de formalización de la aceptación del contrato_x000D_ Calcular los tiempos adecuados para la legalización del contrato en los documentos del proceso. | P17: Raro (puede ocurrir excepcionalmente) | Q17: Insignificante | R17: 2 | S17: Riesgo bajo | T17: No | U17: Entidad | V17: Desde finalizar Etapa de Selección | W17: Hasta Finalizar Etapa de Legalizacion | X17: Análisis de cumplimiento de requisitos | Y17: En hito(s) de la contratación | AA17: Desde finalizar Etapa de Selección | AB17: Hasta Finalizar Etapa de Legalizacion | AD17: =INDEX([1]DATOS!$B$2:$F$13,MATCH(Resultado!AA17,[1]DATOS!$E$2:$E$13,0),2) -> 45176 | AE17: =INDEX([1]DATOS!$B$2:$F$13,MATCH(Resultado!AB17,[1]DATOS!$F$2:$F$13,0),2) -> 45206
A18: 11 | B18: Reclamos de terceros sobre la selección del oferente | C18: 33 | D18: General | E18: Externo | F18: Contratación | G18: Riesgos Operacionales | H18: Reclamos de terceros sobre la selección del oferente | I18: 1. desgaste administrativo. 2. Demandas de terceros 3. Presiones externas en la ejecución o adjudicación. 4. Retrasos en la ejecución. 5. La estructuración y selección del proceso de contratación genera controversias que terminan en reclamaciones. | J18: Posible (puede ocurrir en cualquier momento futuro) | K18: Insignificante | L18: 4 | M18: Riesgo bajo | N18: Entidad | O18: Verificar que se haya establecido con claridad, y de acuerdo con los presupuestos legales, los requisitos habilitantes. Así como establecer si existen o no proponentes que cumplan con los mismos._x000D_ Identificar políticas y normas gubernamentales que podrían aplicar al proceso de contratación y asegurar su cumplimiento._x000D_ Comprobar la pertinencia de la modalidad de contratación frente a la relación tiempo - coste esperada y la exigencia legal para el caso._x000D_ Seleccionar un equipo de contratación con la experiencia adecuada._x000D_ Identificar posibles conflictos entre las partes interesadas._x000D_ Identificar políticas gubernamentales (por ejemplo, desarrollo económico, abastecimiento, etc.) que se aplican al contrato y asegurar su cumplimiento. | P18: Raro (puede ocurrir excepcionalmente) | Q18: Insignificante | R18: 2 | S18: Riesgo bajo | T18: No | U18: Entidad | V18: Desde Inicio Etapa de Selección | W18: Hasta Finalizar Etapa de Legalizacion | X18: Estudio de documentos | Y18: En hito(s) de la contratación | AA18: Desde Inicio Etapa de Selección | AB18: Hasta Finalizar Etapa de Legalizacion | AD18: =INDEX([1]DATOS!$B$2:$F$13,MATCH(Resultado!AA18,[1]DATOS!$E$2:$E$13,0),2) -> 45076 | AE18: =INDEX([1]DATOS!$B$2:$F$13,MATCH(Resultado!AB18,[1]DATOS!$F$2:$F$13,0),2) -> 45206
A19: 12 | B19: Incumplimineto o retrasos con los tiempos de entrega del bien y/o servicio | C19: 2 | D19: General | E19: Interno | F19: Ejecución | G19: Riesgos Operacionales | H19: Incumplimineto o retrasos con los tiempos de entrega del bien y/o servicio | I19: 1. Incumplimiento por parte del contratista. 2. Ejecución de actividades extemporaneas. 3. Mayor onerosidad del contrato. 4. Los tiempos de entrega definidos en los documentos del proceso o en el acta de inicio, no son suficientes o no se cumplen para la ejecución del contrato. | J19: Improbable (puede ocurrir ocasionalmente) | K19: Moderado | L19: 5 | M19: Riesgo Medio | N19: Proveedor | O19: Adecuar los valores de tiempo y costos para lograr los objetivos de la contratación_x000D_ Realizar las gestiones necesarias para obtener las aprobaciones requeridas._x000D_ Asegurar que el alcance de la contratación esté definido, documentado y entendido._x000D_ Identificar los problemas de concesión de licencias que pueden afectar el proyecto, y efectuar su oportuno trámite._x000D_ Desarrollar una planeación del proyecto en el nivel detalle apropiado_x000D_ Asegurar la documentación de la planeación_x000D_ Seleccionar un equipo de contratación con la experiencia adecuada._x000D_ Asegurar que los plazos y presupuestos incorporan características de la zona o región._x000D_ Evaluar métodos de entrega y abastecimiento alternativos._x000D_ Estipulación contractual que permita en caso de ser necesario ajustar los tiempos de entrega definidos en los documentos del proceso._x000D_ Estipulación contractual que permita la aplicación de descuentos a los proveedores por incumplimiento de ANS. _x000D_ Estipulación contractual de multas y sanciones al Proveedor._x000D_ Estipulación contractual que obligue al proveedor a tener planes de contingencia para estos eventos._x000D_ Seguimiento al desarrolo de las actividades y al cronograma previsto con el fin de garantizar el cumpimiento del mismo. | P19: Raro (puede ocurrir excepcionalmente) | Q19: Insignificante | R19: 2 | S19: Riesgo bajo | T19: Si | U19: Proveedor | V19: Desde Inicio Etapa de legalizacion | W19: Una vez entregada la obra a entera satisfaccion | X19: Análisis de progreso | Y19: Semanal | AA19: Desde Inicio Etapa de legalizacion | AB19: Una vez entregada la obra a entera satisfaccion | AD19: =INDEX([1]DATOS!$B$2:$F$13,MATCH(Resultado!AA19,[1]DATOS!$E$2:$E$13,0),2) -> 45176 | AE19: =INDEX([1]DATOS!$B$2:$F$13,MATCH(Resultado!AB19,[1]DATOS!$F$2:$F$13,0),2) -> 45356
A20: 13 | B20: El proveedor no entrega los bienes y/o servicios de acuerdo con las especificaciones técnicas definidas en los documentos del proceso | C20: 3 | D20: Específico | E20: Interno | F20: Ejecución | G20: Riesgos Operacionales | H20: El proveedor no entrega los bienes y/o servicios de acuerdo con las especificaciones técnicas definidas en los documentos del proceso | I20: 1. Los bienes o el servicio no cumpla con el objeto del contrato. 2. Mayor onerosidad. 3. Insatisfacción de las partes interesadas. 4. Resultados no confiables. 5. El proveedor no entrega los bienes y/o servicios de acuerdo con las especificaciones técnicas definidas en los documentos del proceso. | J20: Improbable (puede ocurrir ocasionalmente) | K20: Moderado | L20: 5 | M20: Riesgo Medio | N20: Entidad/Proveedor | O20: Adecuar los valores de tiempo y costos para lograr los objetivos de la contratación_x000D_ Asegurar que se tiene el conocimiento técnico adecuado para la definición del alcance_x000D_ Describir el producto o servicio de una manera tangible y sin ambigüedades._x000D_ Desarrollar una planeación del proyecto en el nivel detalle apropiado_x000D_ Asegurar la documentación de la planeación_x000D_ Asegurar que los documentos son concisos, precisos y sin ambigüedades._x000D_ Evaluar los requisitos de control de calidad y comparar con la capacidad de la industria._x000D_ Seleccionar un equipo de contratación con la experiencia adecuada._x000D_ Pedir a los proveedores que expliquen su comprensión de los requisitos y entregables del contrato._x000D_ Asegurar que las especificaciones son adecuadamente establecidas en términos de rendimiento o la función que debe cumplir el producto o servicio._x000D_ Estipulación contractual que permita la aplicación de descuentos a los proveedores por incumplimiento de ANS y/o descuentos._x000D_ Estipulación contractual de multas y sanciones al Proveedor. | P20: Raro (puede ocurrir excepcionalmente) | Q20: Insignificante | R20: 2 | S20: Riesgo bajo | T20: Si | U20: Proveedor | V20: Desde Inicio Etapa de legalizacion | W20: Una vez entregada la obra a entera satisfaccion | X20: Análisis de cumplimiento de requisitos | Y20: En hito(s) de la contratación | AA20: Desde Inicio Etapa de legalizacion | AB20: Una vez entregada la obra a entera satisfaccion | AD20: =INDEX([1]DATOS!$B$2:$F$13,MATCH(Resultado!AA20,[1]DATOS!$E$2:$E$13,0),2) -> 45176 | AE20: =INDEX([1]DATOS!$B$2:$F$13,MATCH(Resultado!AB20,[1]DATOS!$F$2:$F$13,0),2) -> 45356
A21: 14 | B21: No aplicación durante la ejecución del contrato las políticas públicas de la Distrito de Medellín, otras entidades o el Gobierno establecidas en los documentos del proceso de contratación | C21: 6 | D21: Específico | E21: Interno | F21: Ejecución | G21: Riesgos Sociales o Políticos | H21: No aplicación durante la ejecución del contrato respecto de las políticas públicas de la Distrito de Medellín, otras entidades o el Gobierno establecidas en los documentos del proceso de contratación | I21: 1. Detrimento en la imagen. 2. Deficiente Gestión. 3. Incumplimiento de los fines institucionales. | J21: Improbable (puede ocurrir ocasionalmente) | K21: Insignificante | L21: 3 | M21: Riesgo bajo | N21: Entidad/ Proveedor | O21: Llevar a cabo revisiones periódicas de los objetivos institucionales._x000D_ Comprobar que el contrato es consistente con los objetivos de política de la Secretaría/Distrito._x000D_ Inclusión en la redacción de los documentos del proceso de los objetivos estrategicos de la politica publica del Distrito de Medellín o a nivel nacional, al cual esta orientado el resultado de los mismos en la ejecución contractual del bien y/o servicio a contratar._x000D_ | P21: Raro (puede ocurrir excepcionalmente) | Q21: Insignificante | R21: 2 | S21: Riesgo bajo | T21: Si | U21: Entidad | V21: Desde el Inicio de la Etapa de Planeación | W21: Una vez entregada la obra a entera satisfaccion | X21: Estudio de documentos | Y21: En hito(s) de la contratación | AA21: Desde el Inicio de la Etapa de Planeación | AB21: Una vez entregada la obra a entera satisfaccion | AD21: =INDEX([1]DATOS!$B$2:$F$13,MATCH(Resultado!AA21,[1]DATOS!$E$2:$E$13,0),2) -> 45016 | AE21: =INDEX([1]DATOS!$B$2:$F$13,MATCH(Resultado!AB21,[1]DATOS!$F$2:$F$13,0),2) -> 45356
A22: 15 | B22: No cumplimiento de los protocolos, guias y procedimientos de seguridad y salud en el trabajo y de bioseguridad establecidos en los documentos del proceso y normatividad vigente | C22: 37 | D22: General | E22: Interno | F22: Ejecución | G22: Riesgos Operacionales | H22: No cumplimiento de los protocolos, guias y procedimientos de seguridad y salud en el trabajo y de bioseguridad establecidos en los documentos del proceso y normatividad vigente | I22: 1. Riesgo laborales 2. Retrasos en la ejecución del contrato. 3. Baja productividad laboral. 4. Incumplimiento del contrato. | J22: Improbable (puede ocurrir ocasionalmente) | K22: Menor | L22: 4 | M22: Riesgo bajo | N22: Proveedor | O22: Asegurar que el contratista cumpla con las disposiciones contempladas en el Decreto 1072 de 2015 y la Resolución 0312 de 2019 y las demás disposiciones vigentes en materia de Seguridad y Salud en el Trabajo y que tome todas aquellas precauciones necesarias para evitar que se produzcan en las zonas de sus campamentos de trabajo, accidentes o condiciones insalubres; así como dotar a su personal y asegurar el uso adecuado de los elementos de protección personal (EPP). Y verificar que el contratista de obra de cumplimiento a estas obligaciones. | P22: Raro (puede ocurrir excepcionalmente) | Q22: Insignificante | R22: 2 | S22: Riesgo bajo | T22: No | U22: Proveedor | V22: Desde el Inicio de la Etapa de Planeación | W22: Una vez entregada la obra a entera satisfaccion | X22: Análisis de cumplimiento de requisitos | Y22: Permanente | AA22: Desde el Inicio de la Etapa de Planeación | AB22: Una vez entregada la obra a entera satisfaccion | AD22: =INDEX([1]DATOS!$B$2:$F$13,MATCH(Resultado!AA22,[1]DATOS!$E$2:$E$13,0),2) -> 45016 | AE22: =INDEX([1]DATOS!$B$2:$F$13,MATCH(Resultado!AB22,[1]DATOS!$F$2:$F$13,0),2) -> 45356
... A31: 24 | B31: Inconvenientes generales (transporte, vías de acceso, ubicación, disponibilidad in situ) para acceder a los lugares en donde se ejecuta el contrato de interventoría | C31: 192 | D31: Específico | E31: Externo | F31: Ejecución | G31: Riesgos Operacionales | H31: Inconvenientes generales (transporte, vías de acceso, ubicación, disponibilidad in situ) para acceder a los lugares en donde se ejecuta el contrato de interventoría | I31: 1. Retrasos en el cronograma de trabajo y en el desarrollo de las actividades contractuales. | J31: Improbable (puede ocurrir ocasionalmente) | K31: Menor | L31: 4 | M31: Riesgo bajo | N31: Entidad/Proveedor | O31: Estipulación contractual que permita a las partes modificar los cronogramas del contrato. Los demás hitos y la vigencia máxima del contrato no serán modificados. El Contratista debe contemplar mecanismos alternos de acceso a los lugares de ejecución del contrato. | P31: Raro (puede ocurrir excepcionalmente) | Q31: Insignificante | R31: 2 | S31: Riesgo bajo | T31: Si | U31: Proveedor | V31: Desde el Inicio del Contrato | W31: Una vez entregada la obra a entera satisfaccion | X31: Reuniones con contratista/interventor | Y31: Semanal | AA31: Desde el Inicio del Contrato | AB31: Una vez entregada la obra a entera satisfaccion | AD31: =INDEX([1]DATOS!$B$2:$F$13,MATCH(Resultado!AA31,[1]DATOS!$E$2:$E$13,0),2) -> 45191 | AE31: =INDEX([1]DATOS!$B$2:$F$13,MATCH(Resultado!AB31,[1]DATOS!$F$2:$F$13,0),2) -> 45356
A32: 25 | B32: Demoras en la entrega de información por parte de un tercero o actos de entidades públicas que generan inoportunidad en el cumplimiento del contrato | C32: 86 | D32: Específico | E32: Interno | F32: Ejecución | G32: Riesgos Operacionales | H32: Demoras en la entrega de información por parte de un tercero o actos de entidades públicas que generan inoportunidad en el cumplimiento del contrato | I32: 1. Retrasos en la ejecución del contrato. 2. Posibles sobrecostos. | J32: Raro (puede ocurrir excepcionalmente) | K32: Menor | L32: 3 | M32: Riesgo bajo | N32: Entidad/ Proveedor | O32: Verficar los tiempos de respuesta de los terceros involucrados en el proyecto con el objeto de no perjudicar los tiempos de ejecución contractual._x000D_ | P32: Raro (puede ocurrir excepcionalmente) | Q32: Insignificante | R32: 2 | S32: Riesgo bajo | T32: Si | U32: Entidad | V32: Desde el Inicio de la Etapa de Planeación | W32: Una vez entregada la obra a entera satisfaccion | X32: Reuniones con contratista/interventor | Y32: Mensual | AA32: Desde el Inicio de la Etapa de Planeación | AB32: Una vez entregada la obra a entera satisfaccion
A33: 26 | B33: Fallas o errores en los conceptos que emita el interventor | C33: 193 | D33: Específico | E33: Externo | F33: Ejecución | G33: Riesgos Operacionales | H33: Fallas o errores en los conceptos que emita el interventor | I33: 1. No cumplimiento del objeto contractual de los objetivos propuestos por la Entidad. 2. Fallas en la toma de decisiones por parte de la Entidad. | J33: Improbable (puede ocurrir ocasionalmente) | K33: Menor | L33: 4 | M33: Riesgo bajo | N33: Proveedor | O33: Definir planes de contingencia. Validación de la información recolectada con el supervisor del contrato con relación a los informes mensuales, donde se evidencien los avances y adelantos relacionados con la ejecución de la interventoría; para tal efecto el Contratista deberá ajustar, cambiar los conceptos cuantas veces sea necesario hasta alcanzar su cumplimiento técnico. | P33: Raro (puede ocurrir excepcionalmente) | Q33: Insignificante | R33: 2 | S33: Riesgo bajo | T33: Si | U33: Entidad | V33: Desde el Inicio del Contrato | W33: Hasta la finalizacion del periodo de Garantias | X33: Análisis de cumplimiento de requisitos | Y33: Semanal | AA33: Desde el Inicio del Contrato | AB33: Hasta la finalizacion del periodo de Garantias | AD33: =INDEX([1]DATOS!$B$2:$F$13,MATCH(Resultado!AA33,[1]DATOS!$E$2:$E$13,0),2) -> 45191 | AE33: =INDEX([1]DATOS!$B$2:$F$13,MATCH(Resultado!AB33,[1]DATOS!$F$2:$F$13,0),2) -> 47156
A34: 27 | B34: Vencimiento del término de ejecución del contrato de interventoría sin haber finalizado el seguimiento de la totalidad del proyecto | C34: 194 | D34: Específico | E34: Interno | F34: Ejecución | G34: Riesgos Operacionales | H34: Vencimiento del término de ejecución del contrato de interventoría sin haber finalizado el seguimiento de la totalidad del proyecto | I34: 1. Retrasos en la ejecución del contrato. | J34: Improbable (puede ocurrir ocasionalmente) | K34: Menor | L34: 4 | M34: Riesgo bajo | N34: Entidad/Proveedor | O34: Verificación, seguimiento y control a las actividades objeto del contrato por parte de la supervisión. Verificación jurídica para la realización de adiciones y prorrogas. | P34: Raro (puede ocurrir excepcionalmente) | Q34: Insignificante | R34: 2 | S34: Riesgo bajo | T34: Si | U34: Entidad | V34: Desde el Inicio del Contrato | W34: Hasta la finalizacion del periodo de Garantias | X34: Informes de entrega | Y34: Mensual | AA34: Desde el Inicio del Contrato | AB34: Hasta la finalizacion del periodo de Garantias | AD34: =INDEX([1]DATOS!$B$2:$F$13,MATCH(Resultado!AA34,[1]DATOS!$E$2:$E$13,0),2) -> 45191 | AE34: =INDEX([1]DATOS!$B$2:$F$13,MATCH(Resultado!AB34,[1]DATOS!$F$2:$F$13,0),2) -> 47156
A35: 28 | B35: Inadecuada programación y coordinación de actividades propias de la interventoría y la entidad | C35: 195 | D35: Específico | E35: Interno | F35: Ejecución | G35: Riesgos Operacionales | H35: Inadecuada programación y coordinación de actividades propias de la interventoría y la entidad | I35: 1. Retrasos en la ejecución del contrato. | J35: Improbable (puede ocurrir ocasionalmente) | K35: Menor | L35: 4 | M35: Riesgo bajo | N35: Entidad/Proveedor | O35: Definición del cronograma de actividades y tiempos desde el acta de inicio de ejecución del contrato. | P35: Raro (puede ocurrir excepcionalmente) | Q35: Insignificante | R35: 2 | S35: Riesgo bajo | T35: Si | U35: Proveedor | V35: Desde el Inicio del Contrato | W35: Hasta liquidación del contrato | X35: Análisis de progreso | Y35: En hito(s) de la contratación | AA35: Desde el Inicio del Contrato | AB35: Hasta liquidación del contrato | AD35: =INDEX([1]DATOS!$B$2:$F$13,MATCH(Resultado!AA35,[1]DATOS!$E$2:$E$13,0),2) -> 45191 | AE35: =INDEX([1]DATOS!$B$2:$F$13,MATCH(Resultado!AB35,[1]DATOS!$F$2:$F$13,0),2) -> 45536
A36: 29 | B36: Perjuicios ocasionados por la deficiente colocación de señalización preventiva en obra, falta o deficiencia en la señalización de aproximación e iluminación, equipos de radio para cierres parciales, temporales y demás señalización necesaria, y de seguridad industrial y de señalización y dotación de los operarios y trabajadores ,etc., por parte del Contratista | C36: 81 | D36: Específico | E36: Externo | F36: Ejecución | G36: Riesgos Operacionales | H36: Perjuicios ocasionados por la deficiente colocación de señalización preventiva en obra, falta o deficiencia en la señalización de aproximación e iluminación, equipos de radio para cierres parciales, temporales y demás señalización necesaria, y de seguridad industrial y de señalización y dotación de los operarios y trabajadores ,etc., por parte del Contratista | I36: 1. Retrasos en el cronograma de ejecución. 2. Variación de algunas obras del contrato y por ende de cantidades de obra. | J36: Improbable (puede ocurrir ocacionalmente) | K36: Menor | L36: 4 | M36: Riesgo bajo | N36: Proveedor | O36: Realizar una interventoría adecuada durante la etapa de Ajuste y/o Actualizacion de estudios y diseños y/o elaboración de estudios complementarios para evitar cambios que impacten negativamente el proyecto. _x000D_ Realizar las consultas pertinentes y oportunas cuando se encuentren diferencias o inconsistencias en los diseños._x000D_ | P36: Raro (puede ocurrir excepcionalmente) | Q36: Insignificante | R36: 2 | S36: Riesgo bajo | T36: No | U36: Proveedor | V36: Desde el Inicio del Contrato | W36: Hasta la finalizacion del periodo de Garantias | X36: Análisis de cumplimiento de requisitos | Y36: Permanente | AA36: Desde el Inicio del Contrato | AB36: Hasta la finalizacion del periodo de Garantias | AD36: =INDEX([1]DATOS!$B$2:$F$13,MATCH(Resultado!AA36,[1]DATOS!$E$2:$E$13,0),2) -> 45191 | AE36: =INDEX([1]DATOS!$B$2:$F$13,MATCH(Resultado!AB36,[1]DATOS!$F$2:$F$13,0),2) -> 47156
A37: 30 | B37: Posibilidad de efectos desfavorables como consecuencia de medidas sanitarias, o estados de emergencia que puedan llegar a ser decretadas por el Gobierno Nacional y/o la Administración Distrital, como consecuencia de una "declaratoria de emergencia". | D37: General | E37: Interno | F37: Ejecución | G37: Riesgos Operacionales | H37: Posibilidad de efectos desfavorables como consecuencia de medidas sanitarias, o estados de emergencia que puedan llegar a ser decretadas por el Gobierno Nacional y/o la Administración Distrital, como consecuencia de una "declaratoria de emergencia". | I37: 1. No cumplimiento del objeto contractual de los objetivos propuestos por la Entidad. 2. Incremento del precio de mano de obra, bienes y servicios necesarios para la ejecución del contrato, que puedan variar sus costos de operación desde el momento de su oferta hasta el suministro en los términos pactados. 3. Retrasos en el cronograma de trabajo y en el desarrollo de las actividades contractuales. 4. Insatisfacción de las partes interesadas. | J37: Improbable (puede ocurrir ocasionalmente) | K37: Menor | L37: 4 | M37: Riesgo bajo | N37: Entidad/ Proveedor | O37: Verificación, seguimiento y control a las actividades objeto del contrato por parte de la supervisión. Verificación jurídica para la realización de adiciones y prorrogas. Estipulación contractual que permita a las partes modificar los cronogramas del contrato. Aplicación inmediata de las disposiciones legales y solicitar las adiciones presupuestales pertinentes en el caso que aumente el valor del contrato. | P37: Raro (puede ocurrir excepcionalmente) | Q37: Insignificante | R37: 2 | S37: Riesgo bajo | T37: No | U37: Entidad | V37: Desde el Inicio del Contrato | W37: Hasta liquidación del contrato | X37: Informes de avance | Y37: Mensual | AA37: Desde el Inicio del Contrato | AB37: Hasta liquidación del contrato | AD37: =INDEX([1]DATOS!$B$2:$F$13,MATCH(Resultado!AA37,[1]DATOS!$E$2:$E$13,0),2) -> 45191 | AE37: =INDEX([1]DATOS!$B$2:$F$13,MATCH(Resultado!AB37,[1]DATOS!$F$2:$F$13,0),2) -> 45536
A38: 31 | B38: Decisiones judiciales que impliquen la terminación del contrato o la suspensión tanto del contrato de interventoría como el contrato objeto de la vigilancia. | D38: General | E38: Interno | F38: Ejecución | G38: Riesgos Operacionales | H38: Decisiones judiciales que impliquen la terminación del contrato o la suspensión tanto del contrato de interventoría como el contrato objeto de la vigilancia. | I38: 1. No cumplimiento del objeto contractual de los objetivos propuestos por la Entidad. 2. Insatisfacción de las partes interesadas. | J38: Improbable (puede ocurrir ocasionalmente) | K38: Menor | L38: 4 | M38: Riesgo bajo | N38: Entidad/ Proveedor | O38: Aplicación inmediata de las disposiciones legales Definir planes de contingencia. Validación de la información recolectada con el supervisor del contrato con relación a los informes mensuales, donde se evidencien los avances y adelantos relacionados con la ejecución de la interventoría | P38: Raro (puede ocurrir excepcionalmente) | Q38: Insignificante | R38: 2 | S38: Riesgo bajo | T38: No | U38: Entidad | V38: Desde el Inicio del Contrato | W38: Hasta liquidación del contrato | X38: Informes de avance | Y38: Mensual | AA38: Desde el Inicio del Contrato | AB38: Hasta liquidación del contrato | AD38: =INDEX([1]DATOS!$B$2:$F$13,MATCH(Resultado!AA38,[1]DATOS!$E$2:$E$13,0),2) -> 45191 | AE38: =INDEX([1]DATOS!$B$2:$F$13,MATCH(Resultado!AB38,[1]DATOS!$F$2:$F$13,0),2) -> 45536
A39: 32 | B39: Posibilidad de Mayor duración del Contrato de Interventoría, relacionado directamente con la duración del contrato de obra. | D39: General | E39: Interno | F39: Ejecución | G39: Riesgos Operacionales | H39: Posibilidad de Mayor duración del Contrato de Interventoría, relacionado directamente con la duración del contrato de obra. | I39: 1. No cumplimiento del objeto contractual de los objetivos propuestos por la Entidad. 2. Incremento del precio de mano de obra, bienes y servicios necesarios para la ejecución del contrato, que puedan variar sus costos de operación desde el momento de su oferta hasta el suministro en los términos pactados. 3. Retrasos en el cronograma de trabajo y en el desarrollo de las actividades contractuales. 4. Insatisfacción de las partes interesadas. | J39: Posible (puede ocurrir en cualquier momento futuro) | K39: Menor | L39: 5 | M39: Riesgo Medio | N39: Entidad/ Proveedor | O39: Verificación, seguimiento y control a las actividades objeto del contrato por parte de la supervisión. Verificación jurídica para la realización de adiciones y prorrogas. Estipulación contractual que permita a las partes modificar los cronogramas del contrato. Estipulación contractual que indique que el proveedor deberá informar oportunamente cualquier inconveniente en la ejecución del contrato. | P39: Improbable (puede ocurrir ocasionalmente) | Q39: Menor | R39: 4 | S39: Riesgo bajo | T39: Si | U39: Entidad | V39: Desde el Inicio del Contrato | W39: Hasta liquidación del contrato | X39: Informes de avance | Y39: Mensual | AA39: Desde el Inicio del Contrato | AB39: Hasta liquidación del contrato | AD39: =INDEX([1]DATOS!$B$2:$F$13,MATCH(Resultado!AA39,[1]DATOS!$E$2:$E$13,0),2) -> 45191 | AE39: =INDEX([1]DATOS!$B$2:$F$13,MATCH(Resultado!AB39,[1]DATOS!$F$2:$F$13,0),2) -> 45536
